 Dungeon Crawl Stone Soup version 0.17.1-1-g73c8601 (console) character file.

1602 Kloppie the Basher (level 8, -8/94 HPs)
             Began as an Ogre Fighter on Dec 12, 2015.
             Was an Initiate of Elyvilon.
             Mangled by a troll (14 damage)
             ... on level 7 of the Dungeon.
             The game lasted 00:09:10 (6789 turns).

Kloppie the Basher (Ogre Fighter)                   Turns: 6789, Time: 00:09:10

Health: -8/94      AC:  5    Str: 22    XL:     8   Next: 94%
Magic:  9/9        EV: 14    Int:  7    God:    Elyvilon [......]
Gold:   344        SH:  9    Dex: 18    Spells: 0 memorised, 7 levels left

rFire  . . .     SeeInvis .     a - +0 flail
rCold  . . .     Clarity  .     b - +0 robe
rNeg   . . .     SustAt   .     c - +0 shield
rPois  .         Gourm    .     (helmet restricted)
rElec  .         Spirit   .     (no cloak)
rCorr  .         Warding  .     (gloves unavailable)
rMut   .         Stasis   .     (boots unavailable)
MR     .....                    (no amulet)
Stlth  +++.......               o - +2 ring of protection
                                q - +2 ring of dexterity

@: agile, not resistant to hostile enchantments, fairly stealthy
A: unfitting armour, tough skin 1
a: Renounce Religion


You were on level 7 of the Dungeon.
You worshipped Elyvilon.
Elyvilon was noncommittal.
You were not hungry.

You visited 1 branch of the dungeon, and saw 7 of its levels.

You collected 344 gold pieces.

Inventory:

Hand Weapons
 a - a +0 flail (weapon)
Armour
 b - a +0 robe (worn)
 c - a +0 shield (worn)
Jewellery
 o - a +2 ring of protection (right hand)
 q - a +2 ring of dexterity (left hand)
 F - an uncursed ring of fire
Wands
 g - a wand of enslavement (7)
 l - a wand of draining (5)
 r - a wand of flame (34)
Scrolls
 p - 2 scrolls of blinking
 s - a scroll of enchant armour {unknown}
 v - a scroll of immolation {unknown}
 w - 4 scrolls of identify
 y - 2 scrolls of remove curse
 A - a scroll of enchant weapon {unknown}
 B - 2 scrolls of magic mapping {unknown}
 E - a scroll of fog {unknown}
Potions
 d - a potion of poison {unknown}
 h - 2 potions of ambrosia
 i - 2 potions of agility
 j - 4 potions of curing {unknown}
 k - a potion of haste {unknown}
 m - 2 potions of heal wounds {unknown}
 u - a potion of cancellation {unknown}
 x - a potion of resistance {unknown}
 z - a potion of degeneration {unknown}
 D - a potion of might
 G - a potion of flight {unknown}
Comestibles
 e - 7 bread rations
 f - 2 royal jellies
 n - 3 meat rations
 t - a slice of pizza


   Skills:
 - Level 10.3 Fighting
 + Level 10.4 Maces & Flails
 - Level 2.6 Dodging
 - Level 2.6 Shields
 + Level 2.1 Invocations


You had 7 spell levels left.
You didn't know any spells.

Dungeon Overview and Level Annotations

Branches:
Dungeon (7/15)             Temple (0/1) D:6

Altars:
Ashenzari
Dithmenos
Elyvilon
Ru
Yredelemnul

Shops:
D:5 ?


Innate Abilities, Weirdness & Mutations

You are too large for most types of armour.
You have tough skin (AC +1).


Message History

You block the troll's attack.
You barely miss the troll.
The troll is almost dead.
The troll bites you! The troll claws you!
* * * LOW HITPOINT WARNING * * *
The troll claws you.
* * * LOW HITPOINT WARNING * * *
You are too injured to fight recklessly!
You are too injured to fight recklessly!
You completely miss the troll.
The troll is almost dead.
The troll bites you!!
* * * LOW HITPOINT WARNING * * *
The troll claws you!
* * * LOW HITPOINT WARNING * * *
The troll claws you but does no damage.
Drink which item? (? for menu, Esc to quit)
You feel agile all of a sudden. You block the troll's attack.
The troll claws you!
You die...

8888888..888888
8888888).888888 ..#.
##888888..888888 l...
.##88888..88888# ....#
## #8888?T8888# ....#
#888..888# ..#.#.
#####''#### ###.....>
#......#..######)...#
#......T..#.T@)<..#.#
#............######
#............#####
##...................
###.....##...##.######.
.......###.####.#
####...###.# #.#
#...##..# #.# ##.##..##
...


You could see a troll.

Vanquished Creatures
  The ghost of Kloppie the Chopper, an amateur HOFi (D:4)
  A sky beast (D:6)
  3 ogres (D:6)
  A centaur (D:6)
  A giant frog (D:6)
  A water moccasin zombie (D:7)
  3 scorpions
  3 crimson imps
  2 hounds
  A centaur skeleton (D:6)
  An orc wizard (D:4)
  A giant frog skeleton (D:5)
  A jelly (D:6)
  2 orc priests (D:5)
  3 worker ants
  10 gnolls
  7 adders
  An ooze (D:2)
  An adder skeleton (D:6)
  2 worms (D:3)
  3 giant geckos
  16 orcs
  5 giant cockroaches
  2 gnoll zombies (D:6)
  5 goblins
  11 hobgoblins
  7 jackals
  2 ball pythons
  8 bats
  A giant cockroach zombie (D:6)
  6 giant newts
  A jackal skeleton (D:6)
  7 kobolds
  4 quokkas
  6 rats
130 creatures vanquished.

Notes
Turn   | Place    | Note
--------------------------------------------------------------
     0 | D:1      | Kloppie the Ogre Fighter began the quest for the Orb.
     0 | D:1      | Reached XP level 1. HP: 24/24 MP: 1/1
   217 | D:1      | Reached XP level 2. HP: 24/32 MP: 2/2
   806 | D:2      | Reached XP level 3. HP: 39/41 MP: 3/3
  1092 | D:2      | Reached skill level 5 in Fighting
  1199 | D:2      | Found a sacrificial altar of Ru.
  1706 | D:3      | Reached XP level 4. HP: 50/50 MP: 4/4
  1931 | D:3      | Found a shattered altar of Ashenzari.
  2365 | D:4      | You fall through a shaft for 2 floors!
  2379 | D:6      | Reached skill level 5 in Maces & Flails
  2379 | D:6      | Reached XP level 5. HP: 49/59 MP: 5/5
  2490 | D:6      | Reached skill level 6 in Fighting
  2521 | D:6      | Noticed a sky beast
  2551 | D:6      | Noticed a centaur
  2564 | D:6      | Killed a centaur
  2754 | D:6      | Found a basalt altar of Yredelemnul.
  2797 | D:6      | Reached XP level 6. HP: 56/68 MP: 6/6
  2859 | D:6      | Reached skill level 7 in Fighting
  2874 | D:5      | Entered Level 5 of the Dungeon
  3212 | D:5      | Found Duenuacy's Magic Scroll Emporium.
  3720 | D:4      | Noticed Kloppie's ghost (amateur HOFi)
  3743 | D:4      | Killed Kloppie's ghost
  3743 | D:4      | Reached skill level 8 in Fighting
  3743 | D:4      | Reached XP level 7. HP: 12/80 MP: 7/7
  4805 | D:5      | Found a white marble altar of Elyvilon.
  4840 | D:5      | Became a worshipper of Elyvilon the Healer
  4979 | D:5      | Reached skill level 9 in Fighting
  4979 | D:5      | Reached XP level 8. HP: 84/92 MP: 8/8
  5472 | D:6      | Noticed a giant frog
  5477 | D:6      | Killed a giant frog
  5524 | D:6      | Killed a sky beast
  5569 | D:6      | Noticed an ogre
  5577 | D:6      | Killed an ogre
  5589 | D:6      | Reached skill level 10 in Fighting
  5801 | D:6      | Found a shadowy altar of Dithmenos.
  5871 | D:6      | Reached skill level 10 in Maces & Flails
  6028 | D:6      | Found a staircase to the Ecumenical Temple.
  6075 | D:7      | Reached skill level 1 in Invocations
  6765 | D:7      | Noticed a troll
  6789 | D:7      | Mangled by a troll

Action                   |  1- 3 |  4- 6 |  7- 9 || total
-------------------------+-------+-------+-------++-------
Melee: Flail             |   133 |   213 |   215 ||   561
  Use: Scroll            |     5 |     2 |       ||     7
       Potion            |       |     1 |     1 ||     2
 Stab: Sleeping          |     1 |     2 |     1 ||     4
  Eat: Chunk             |     2 |     7 |     9 ||    18
       Beef jerky        |       |       |     1 ||     1
